 Dungeon Crawl Stone Soup version 0.25.1-2-g60ff931df9 (webtiles) character file.

Game seed: 6088152880485857131

159 Exodus22XD the Slasher (level 5, -3/42 HPs)
             Began as a Human Berserker on Oct 31, 2020.
             Was a Believer of Trog.
             Slain by an orc (4 damage)
             ... on level 2 of the Dungeon.
             The game lasted 00:01:52 (1034 turns).

Exodus22XD the Slasher (Human Berserker)            Turns: 1034, Time: 00:01:52

Health: -3/42      AC: 10    Str: 18    XL:     5   Next: 68%
Magic:  3/5        EV:  8    Int:  8    God:    Trog [**....]
Gold:   90         SH:  0    Dex: 12    Spells: 4/4 levels left

rFire    . . .     SeeInvis .   a - +0 falchion
rCold    . . .     Gourm    .   (no shield)
rNeg     . . .     Faith    .   d - +0 chain mail
rPois    .         Spirit   .   (no helmet)
rElec    .         Reflect  .   (no cloak)
rCorr    .         Harm     .   e - +0 pair of gloves
MR       .....                  (no boots)
Stlth    ..........             (no amulet)
HPRegen  0.14/turn              (no ring)
MPRegen  0.09/turn              (no ring)

@: berserk cooldown, slowed, very slow
A: no striking features
a: Berserk, Trog's Hand, Renounce Religion


You were on level 2 of the Dungeon.
You worshipped Trog.
Trog was pleased with you.
You were hungry.

You visited 1 branch of the dungeon, and saw 2 of its levels.

You collected 90 gold pieces.

Inventory:

Hand Weapons
 a - a +0 falchion (weapon)
Armour
 d - a +0 chain mail (worn)
 e - a +0 pair of gloves (worn)
Jewellery
 k - an uncursed ring of protection from magic {unknown}
Scrolls
 b - a scroll of noise {unknown}
 g - a scroll of identify {unknown}
 i - 2 scrolls of remove curse {unknown}
Potions
 h - a potion of heal wounds {unknown}
 j - a potion of curing {unknown}
Comestibles
 c - 3 rations
 f - 2 chunks of flesh


   Skills:
 + Level 3.9 Fighting
 + Level 4.5 Long Blades
 + Level 3.0 Armour
 + Level 2.4 Dodging


You had 4 spell levels left.
You didn't know any spells.
Your spell library was empty.

Dungeon Overview and Level Annotations

Branches:
Dungeon (2/15)

Altars:


Message History

The orc priest hits you with a +0 trident.
* * * LOW HITPOINT WARNING * * *
The orc hits you but does no damage.
You slash the orc priest!
You kill the orc priest!
Trog accepts your kill. The orc hits you.
* * * LOW HITPOINT WARNING * * *
You hit the orc but do no damage. The orc barely misses you.
You slash the orc!
You kill the orc!
Trog accepts your kill.
Your Armour skill increases to level 3!
The orc hits you but does no damage.
You barely miss the orc.
You are no longer berserk.
Trog's vigour flows through your veins.
You are exhausted.
You feel yourself slow down. The orc hits you.
You die...

....#####...#
........#...#########.##
###.....#............... #
#.......#########...# #
#......###..........# #
###......##...........# .#
..#......#$...........#.#
..#......#⌠.............#
..######.#$....)@o...###
.........##.....)......#
.........###....)).....#.#.
..........#########........
....#####............###.#.
....# #.......[#####.....#
....# #........# ######
....# #........... ....#
#............


You could see an orc.

Vanquished Creatures
  4 orc priests (D:2)
  3 dart slugs (D:1)
  A leopard gecko (D:1)
  An orc (D:2)
  5 goblins
  5 hobgoblins (D:1)
  4 jackals (D:1)
  2 kobolds (D:1)
  A ball python (D:1)
  6 bats
  4 rats
36 creatures vanquished.

Notes
Turn   | Place    | Note
-------+----------+-------------------------------------------
     0 | D:1      | Exodus22XD the Human Berserker began the quest for the Orb.
     0 | D:1      | Reached XP level 1. HP: 18/18 MP: 1/1
   126 | D:1      | Reached XP level 2. HP: 24/24 MP: 2/2
   419 | D:1      | Reached XP level 3. HP: 29/29 MP: 3/3
   914 | D:2      | Reached ** piety under Trog
  1015 | D:2      | Reached XP level 4. HP: 30/37 MP: 2/4
  1021 | D:2      | Reached skill level 4 in Long Blades
  1021 | D:2      | Reached XP level 5. HP: 27/42 MP: 2/5
  1031 | D:2      | HP: 1/63 [orc (3)]
  1034 | D:2      | Slain by an orc

Illustrated notes

Levels and vault maps discovered:
D:1:      sevenhm_arrival_forest_fort_large_2, layout_basic
D:2:      cheibrodos_pilgrimage, layout_basic, kennysheep_slug_shrine

Skill      XL: |  1  2  3  4  5 |
---------------+----------------+-----
Long Blades    | 4 |  4.5
Armour         | 3 |  3.0
Fighting       | |  3.9
Dodging        | |  2.4

Action                   |  1- 3 |  4- 6 || total
-------------------------+-------+-------++-------
Melee: Falchion          |   101 |    18 ||   119
Invok: Berserk           |     1 |       ||     1
       Trog's Hand       |     1 |       ||     1
  Eat: Chunk             |     1 |       ||     1
Armor: Chain mail        |   101 |    19 ||   120
Dodge: Dodged            |    54 |    12 ||    66
       Rpst.: Falchion   |    21 |     2 ||    23
